 Dungeon Crawl Stone Soup version 0.32-a0-520-g344ed53f66 (webtiles) character file.

Game seed: 8003295119368850548

86 javelincjr the Grasshopper (level 4, 0/34 HPs)
             Began as a Demonspawn Warper on Feb 27, 2024.
             Killed from afar by Terence (10 damage)
             ... with a rupture
             ... on level 3 of the Dungeon.
             The game lasted 00:05:46 (1560 turns).

javelincjr the Grasshopper (Demonspawn Warper)      Turns: 1560, Time: 00:05:46

Health: 0/34       AC:  3    Str: 14    XL:     4   Next: 26%
Magic:  1/7        EV: 11    Int: 13    God:
Gold:   97         SH:  4    Dex: 12    Spells: 3/7 levels left

rFire   . . .        a - +0 spear
rCold   . . .        (no shield)
rNeg    . . .        b - +0 leather armour
rPois   .            (no helmet)
rElec   .            (no cloak)
rCorr   .            (no gloves)
SInv    .            (no boots)
Will    .....        (no amulet)
Stlth   +            (no ring)
HPRegen 0.25/turn    (no ring)
MPRegen 0.10/turn

%: no passive effects
@: on blink cooldown, very slightly contaminated
A: claws 1, large bone plates 1, spiny 1
a: no special abilities


You were on level 3 of the Dungeon.
You visited 1 branch of the dungeon, and saw 3 of its levels.

You collected 97 gold pieces.

Inventory:

Hand Weapons
 a - a +0 spear (weapon)
Missiles
 d - 7 darts of dispersal
 h - 3 boomerangs (quivered)
Armour
 b - a +0 leather armour (worn)
Wands
 o - a wand of polymorph (12)
Scrolls
 c - a scroll of blinking
 f - a scroll of teleportation {unknown}
 j - 2 scrolls of identify {unknown}
 l - a scroll of fear {unknown}
Potions
 e - a potion of haste {unknown}
 g - 3 potions of curing {unknown}
 i - a potion of lignification {unknown}
 k - a potion of magic {unknown}
 m - a potion of cancellation {unknown}
 n - a potion of brilliance {unknown}
 p - 2 potions of mutation {unknown}


   Skills:
 * Level 2.8 Fighting
 + Level 2.2 Polearms
 - Level 0.8 Throwing
 + Level 1.3 Armour
 + Level 2.1 Dodging
 + Level 2.3 Spellcasting
 * Level 3.3 Translocations


You had 3 spell levels left.
You knew the following spells:

 Your Spells              Type           Power      Damage    Failure   Level
a - Blink                 Tloc           20%        N/A       12%         2
b - Lesser Beckoning      Tloc           20%        N/A       12%         2

Your spell library contained the following spells:

 Spells                   Type           Power      Damage    Failure   Level
 Teleport Other           Tloc           10%        N/A       22%         3
 Dazzling Flash           Conj/Hex       2%         N/A       67%         3
 Mephitic Cloud           Conj/Alch/Air  1%         N/A       67%         3
 Manifold Assault         Tloc           10%        N/A       58%         4
 Vhi's Electric Charge    Tloc/Air       10%        N/A       83%         4
 Curse of Agony           Necr           1%         N/A       100%        5
 Silence                  Hex/Air        0%         N/A       100%        5


Dungeon Overview and Level Annotations

Branches:
Dungeon (3/15)

Altars:

Annotations:
D:3 Terence


Innate Abilities, Weirdness & Mutations

You have sharp fingernails.
You are partially covered in large bone plates. (SH +4)
You are partially covered in sharp spines.


Message History

Cast which spell? (? or * to list)
You blink.
A goblin comes into view. It is wielding a +0 dagger.
Throw: 3 boomerangs
Press: ? - help, Q - select action, (/) - cycle Shift-Dir - straight line, f/p - Terence
Aim: Terence, wielding a +0 mace, wearing a +3 ring mail and carrying a wand of warping (moderately wounded, 58% to hit)
You throw a boomerang. The boomerang barely misses Terence.
Throw: 3 boomerangs
Press: ? - help, Q - select action, (/) - cycle Shift-Dir - straight line, f/p - Terence
Aim: Terence, wielding a +0 mace, wearing a +3 ring mail and carrying a wand of warping (moderately wounded, 58% to hit)
You throw a boomerang. The boomerang closely misses Terence.
Terence zaps a wand.
Space twists violently!
The rupture engulfs you.
Throw: 3 boomerangs
Press: ? - help, Q - select action, (/) - cycle Shift-Dir - straight line, f/p - Terence
Aim: Terence, wielding a +0 mace, wearing a +3 ring mail and carrying a wand of warping (moderately wounded, 58% to hit)
You throw a boomerang.
The boomerang hits Terence but does no damage.
Terence is moderately wounded.
Reach: a) +0 spear
Press: ? - help, Dir - move target, f - goblin, p - Terence
Aim: a goblin, wielding a +0 dagger (about 45% to evade your +0 spear)
You reach to attack!
You hit the goblin but do no damage. You barely miss the goblin.
The goblin barely misses you.
You hit the goblin.
The goblin is almost dead.
You feel ready to blink again. The goblin hits you with a +0 dagger.
* * * LOW HITPOINT WARNING * * *
Casting: Blink (safe; 12% risk of failure)
Confirm with . or Enter, or press ? or * to list all spells.
You miscast Blink.
You are very lightly contaminated with residual magic.
Nothing appears to happen.
The goblin is struck by your spines.
You kill the goblin!
Terence closely misses you.
Casting: Blink (safe; 12% risk of failure)
Confirm with . or Enter, or press ? or * to list all spells.
You blink.
Terence zaps a wand.
Space twists violently!
The rupture engulfs you!
You blink.
Found a spear.
You die...

####.#.@.##.# #.#...#
#.#...# #.#...# #.#...#
#####.#..ยง##.#
#............# #
#.###.###.####.###########
#.# #.# #@...).##.........
#.# #.# #########.######..
#.###.##### #.........'..
#.##......# #.##.######..
#.##......# #.##.# #..
#.##......# #.##.# ###
#.##......####.##.#
#.##[...........#.#
#.##...##########..


There were no monsters in sight!

Vanquished Creatures
  3 adders (D:2)
  2 dart slugs
  5 endoplasms
  3 giant cockroaches (D:2)
  5 goblins
  4 hobgoblins
  4 kobolds
  4 quokkas
  8 ball pythons
  8 bats
  4 frilled lizards
  4 rats
54 creatures vanquished.

Notes
Turn   | Place    | Note
-------+----------+-------------------------------------------
     0 | D:1      | javelincjr the Demonspawn Warper began the quest for the
                  | Orb.
     0 | D:1      | Reached XP level 1. HP: 16/16 MP: 3/3
    59 | D:1      | Reached skill level 1 in Armour
   152 | D:1      | Gained mutation: You are partially covered in sharp spines.
                  | [demonic ancestry]
   152 | D:1      | Reached XP level 2. HP: 22/22 MP: 5/5
   257 | D:1      | Reached skill level 3 in Translocations
   679 | D:1      | Gained mutation: You are partially covered in large bone
                  | plates. (SH +4) [demonic ancestry]
   679 | D:1      | Reached XP level 3. HP: 28/28 MP: 6/6
  1034 | D:2      | Learned a level 2 spell: Blink
  1037 | D:2      | Learned a level 2 spell: Lesser Beckoning
  1069 | D:2      | Gained mutation: You have sharp fingernails. [demonic
                  | ancestry]
  1069 | D:2      | Reached XP level 4. HP: 29/34 MP: 7/7
  1112 | D:2      | Found a faded altar of an unknown god.
  1544 | D:3      | Noticed Terence
  1560 | D:3      | Killed from afar by Terence

Illustrated notes

Levels and vault maps discovered:
D:1:      eino_arrival_cavern_a, layout_basic
D:2:      layout_rooms, shapermc_ecumenical_altar_notcrosses
D:3:      layout_basic, ebering_ghost_reflecting_pool, uniq_terence

Skill      XL: |  1  2 |
---------------+-------+-----
Armour         | 1 |  1.3
Polearms       | 2 |  2.2
Translocations | 3 |  3.3
Dodging        | 2 |  2.1
Fighting       | |  2.8
Throwing       | |  0.8
Spellcasting   | |  2.3

Action                     |  1- 3 |  4- 6 || total
---------------------------+-------+-------++-------
  Melee: Spear             |   116 |    26 ||   142
  Throw: Boomerang         |     2 |     4 ||     6
   Cast: Blink             |       |     2 ||     2
   Stab: Sleeping          |     1 |       ||     1
 Armour: Leather armour    |    42 |     7 ||    49
  Dodge: Dodged            |    46 |     5 ||    51
         Repelled          |     3 |       ||     3
  Block: Other             |     9 |     3 ||    12

Table legend: (Time is in decaauts)
 A = Elapsed time spent in this place.
 B = Non-inter-level travel time spent in this place.
 C = Inter-level travel time spent in this place.
 D = Time resting spent in this place.
 E = Time spent auto-exploring this place.
 F = Levels seen in this place.
 G = Mean time per level.
                   A        B        C        D        E       F      G
               +--------+--------+--------+--------+--------+-----+--------+
         Total |   1565 |   1524 |     41 |      0 |   1176 |   3 |  521.7 |
       Dungeon |   1565 |   1524 |     41 |      0 |   1176 |   3 |  521.7 |
               +--------+--------+--------+--------+--------+-----+--------+

Top non-repeatable levels by time:
     D:1: 895 daAuts
     D:2: 510 daAuts
     D:3: 158 daAuts
